[Event "*** SCC Grand Prix: Titled Tuesday Blitz"]
[Site "Chess.com"]
[Date "2020.07.14"]
[Round "10"]
[White "GMJustin"]
[Black "bmt011"]
[Result "1/2-1/2"]
[WhiteElo "2285"]
[BlackElo "2129"]
[TimeControl "180+1"]
[EndTime "11:58:13 PDT"]
[Termination "Game drawn by repetition"]

1. d4 Nf6 2. c4 e6 3. Nc3 Bb4 4. e3 O-O 5. Bd3 d5 6. cxd5 exd5 7.
Ne2 b6 8. Bd2 Bb7 9. O-O a6 10.
f3 Re8 11. Rc1 c5 12. a3 Ba5 13. Bb1 Nc6 14. dxc5 bxc5 15. Na4 Bxd2 16. Qxd2 c4 17. Nd4 Na5 18. Nc5 Bc8 19. Rfd1 Qd6 20. Qxa5 Rxe3 21. Na4 Rb8 22. Qd2 Re8 23. Re1 Be6 24. Nc3 Qb6 25.
Re2 Nd7 26. Kh1 Nc5 27. Rce1 Rf8 28. Bf5 Bxf5 29. Nxf5 Nd3 30. Rd1 Qxb2 31. Qxb2 Nxb2 32. Rxd5 Rb3 33. Rc2 Nd3 34. h4 Rxa3 35. Rd7 a5 36. Ne7+ Kh8 37. Kh2 a4 38. Ra7 Nb4 39. Rb2 Nd3 40. Rc2 Nb4 41. Rc1 Nd3 42. Rc2 1/2-1/2

[Event "*** SCC Grand Prix: Titled Tuesday Blitz"]
[Site "Chess.com"]
[Date "2020.07.14"]
[Round "10"]
[White "praveenb2002"]
[Black "Izoria123"]
[Result "0-1"]
[WhiteElo "2733"]
[BlackElo "2899"]
[TimeControl "180+1"]
[EndTime "11:58:14 PDT"]
[Termination "Izoria123 won by resignation"]

1. d4 d6 2. c4 e5 3. Nf3 e4 4. Ng5 f5 5. Nc3 Be7 6. h4 Nf6 7. e3 O-O 8. Ne2 Ng4 9. Nf4 Bxg5 10. hxg5 Qxg5 11. c5 dxc5 12. Qb3+ Kh8 13. dxc5 Nc6 14. Bd2 Ne7 15. Bc3 Nf6 16. O-O-O Ng6 17. Nh3 Qg4 18. Bc4 f4 19. f3 Qf5 20. g4 fxg3 21.
f4 g2 22. Rh2 Ng4 23. Rxg2 Nxe3 24. Rg3 Nxc4 25. Qxc4 Be6 26. Qd4 Rf7 27. Ng5 Rd7 28. Qe3 Rxd1+ 29. Kxd1 Rd8+ 30. Ke1 Qd5 31. Nxe6 Qxe6 32.
Rh3 Kg8 33. Rh5 Qg4 34. Qe2 Qxe2+ 35. Kxe2 Nxf4+ 0-1

[Event "*** SCC Grand Prix: Titled Tuesday Blitz"]
[Site "Chess.com"]
[Date "2020.07.14"]
[Round "10"]
[White "CrushingKings"]
[Black "zajka-molotok"]
[Result "0-1"]
[WhiteElo "2532"]
[BlackElo "2442"]
[TimeControl "180+1"]
[EndTime "11:58:14 PDT"]
[Termination "zajka-molotok won on time"]

1. e4 d5 2. exd5 Qxd5 3. Nc3 Qd8 4. Bc4 Nf6 5. d3 g6 6. Nge2 Bg7 7. O-O O-O 8. Ng3 a6 9. a4 Nc6 10. h3 b6 11. f4 e6 12. Be3 Bb7 13. Qd2 Qd7 14. Ba2 Rad8 15. Qf2 Nb4 16. Bb3 Nfd5 17. Nxd5 Bxd5 18. Bxd5 Qxd5 19. Ne4 a5 20. Rad1 Qc6 21.
Nc3 Bxc3 22. bxc3 Qxc3 23. f5 exf5 24. Qh4 Nxc2 25. Rc1 Qb4 26. Bf4 Ne3 27. Rfe1 Nd5 28. Rc4 Qb3 29. Bg5 f6 0-1

[Event "*** SCC Grand Prix: Titled Tuesday Blitz"]
[Site "Chess.com"]
[Date "2020.07.14"]
[Round "10"]
[White "onnoelgersma"]
[Black "volcanoexplorer"]
[Result "0-1"]
[WhiteElo "2438"]
[BlackElo "2576"]
[TimeControl "180+1"]
[EndTime "11:58:15 PDT"]
[Termination "volcanoexplorer won by checkmate"]

1. e4 e5 2. Nf3 Nc6 3. Bb5 a6 4.
Ba4 Nf6 5. O-O Be7 6. d3 d6 7. a3 b5 8. Bb3 Bb7 9. Nc3 O-O 10. Nd5 Na5 11. Nxf6+ Bxf6 12. Ba2 d5 13. Qe2 c5 14.
b4 dxe4 15. dxe4 cxb4 16. axb4 Nc6 17. c3 Qc7 18. Be3 Nd8 19. Bc5 Re8 20. Rfd1 Ne6 21. Bd6 Qxc3 22. Rac1 Nf4 23. Qf1 Qa3 24. Bxf7+ Kxf7 25.
Rc7+ Kg8 26. Rxb7 Rac8 27. Bc5 Red8 28. Rbd7 Rxd7 29. Rxd7 a5 30. Be7 Bxe7 31. Rxe7 Rc1 32. Ne1 Qxb4 33. Re8+ Kf7 34. Rxe5 Ne2+ 35. Qxe2 Qxe1+ 36. Qf1 Qxf1# 0-1

[Event "*** SCC Grand Prix: Titled Tuesday Blitz"]
[Site "Chess.com"]
[Date "2020.07.14"]
[Round "10"]
[White "NemtsevIgor"]
[Black "ShahMatKanal"]
[Result "0-1"]
[WhiteElo "2360"]
[BlackElo "2508"]
[TimeControl "180+1"]
[EndTime "11:58:15 PDT"]
[Termination "ShahMatKanal won by resignation"]

1. d4 d5 2. Bf4 Nf6 3. e3 c5 4.
c3 cxd4 5. exd4 Nc6 6. Nf3 g6 7. Bd3 Bg7 8. O-O O-O 9. Ne5 Nxe5 10. Bxe5 Nd7 11. Bxg7 Kxg7 12. f4 e6 13. Nd2 Qc7 14. Qe1 Qb6 15. Rb1 f5 16. Kh1 Nf6 17. Nf3 Bd7 18.
Ne5 Bb5 19. Rf3 Bxd3 20. Rxd3 Qd8 21. Rh3 Ne4 22. Qe3 Qe7 23. Rg1 h5 24. Rf1 Rh8 25.
c4 dxc4 26. Nxc4 Rac8 27. Ne5 Rc2 28. d5 exd5 29. Qd4 Qc5 30. Rd3 Nf2+ 31. Rxf2 Rc1+ 32. Rd1 Qxd4 33. Rxc1 Qxf2 34. h3 Qxf4 35. Nf3 Qxc1+ 0-1

[Event "*** SCC Grand Prix: Titled Tuesday Blitz"]
[Site "Chess.com"]
[Date "2020.07.14"]
[Round "10"]
[White "silverback96"]
[Black "Omk124"]
[Result "1-0"]
[WhiteElo "2257"]
[BlackElo "2366"]
[TimeControl "180+1"]
[EndTime "11:58:16 PDT"]
[Termination "silverback96 won by checkmate"]

1. e4 g6 2. c4 Bg7 3. Nc3 c6 4. Nf3 d6 5. g3 Nf6 6. Bg2 O-O 7. O-O e5 8. d3 h6 9. h3 Be6 10. Be3 Nbd7 11. Qd2 Kh7 12. b4 a5 13. a3 Qe7 14.
Rfb1 Nh5 15. Ne1 axb4 16. axb4 f5 17. exf5 gxf5 18. Qe2 Qf7 19. Bf3 Ndf6 20. Ng2 Rae8 21. Ra7 Re7 22. b5 f4 23. bxc6 fxe3 24. Rbxb7 exf2+ 25. Qxf2 Rfe8 26. Be4+ Kh8 27. Bg6 Qxg6 28. Rxe7 Rxe7 29. Rxe7 Bxh3 30. c7 Qxd3 31. Nb5 Nxg3 32. Nxd6 Ne2+ 33. Kh2 Qxd6 34. Kxh3 Qxe7 35. c8=Q+ Kh7 36.
Qff5# 1-0

[Event "*** SCC Grand Prix: Titled Tuesday Blitz"]
[Site "Chess.com"]
[Date "2020.07.14"]
[Round "10"]
[White "Sychev_Klementy"]
[Black "antoszu"]
[Result "1-0"]
[WhiteElo "2726"]
[BlackElo "2536"]
[TimeControl "180+1"]
[EndTime "11:58:18 PDT"]
[Termination "Sychev_Klementy won by resignation"]

1. e4 e6 2. Qe2 c5 3. g3 Nc6 4. Bg2 g6 5. Nf3 Bg7 6. O-O d6 7. c3 Nge7 8. d4 cxd4 9. cxd4 O-O 10. Rd1 d5 11. e5 h6 12. Nc3 b6 13. h4 a5 14. Bf4 Ba6 15. Qd2 Kh7 16. Rac1 Rc8 17. Bf1 Bxf1 18. Kxf1 Qd7 19. Kg2 Nf5 20. Qd3 Nb4 21.
Qb1 b5 22. a3 Na6 23. Qd3 Rb8 24. h5 Nc7 25. g4 Ne7 26. Ne2 b4 27. a4 Rfc8 28.
b3 Ne8 29. Rh1 Rxc1 30. Bxc1 Qc6 31. g5 Nf5 32. gxh6 Bh8 33. hxg6+ fxg6 34. Ng5+ Kg8 35.
Nf4 Rc8 36. Nxg6 Qc2 37. Qxc2 Rxc2 38. h7+ Kg7 39. Nxh8 Kxh8 40. Nf7+ 1-0

[Event "*** SCC Grand Prix: Titled Tuesday Blitz"]
[Site "Chess.com"]
[Date "2020.07.14"]
[Round "10"]
[White "mortngabriel"]
[Black "vanImpe"]
[Result "0-1"]
[WhiteElo "2383"]
[BlackElo "2512"]
[TimeControl "180+1"]
[EndTime "11:58:19 PDT"]
[Termination "vanImpe won by resignation"]

1. e4 c5 2. Nc3 g6 3. d4 Bg7 4. dxc5 Bxc3+ 5. bxc3 Qa5 6. Qd4 Nf6 7. Be3 Nc6 8. Qc4 Nxe4 9. Ne2 Nf6 10. Bh6 b6 11.
cxb6 axb6 12. Bg7 Ba6 13. Qb3 Rg8 14. Bxf6 exf6 15. Rd1 Ne5 16. Rd5 b5 17. Nd4 Kf8 18.
Qb4+ Qxb4 19. cxb4 Kg7 20. f4 Nc6 21. Nxc6 dxc6 22.
Rd6 Rge8+ 23. Kd2 Re4 24. Bd3 Rxb4 25. g3 c5 26. Re1 Ra7 27. Kc3 Ra4 28. Bf1 b4+ 29.
Kd2 Bxf1 30. Rxf1 Rxa2 31. Kd3 R7a3+ 32. Kc4 Rxc2+ 33. Kb5 b3 34. Rc6 b2 35. Rxc5 Rxc5+ 36. Kxc5 Ra1 0-1

[Event "*** SCC Grand Prix: Titled Tuesday Blitz"]
[Site "Chess.com"]
[Date "2020.07.14"]
[Round "10"]
[White "tlomigtlis"]
[Black "politeplayer"]
[Result "1-0"]
[WhiteElo "2403"]
[BlackElo "2204"]
[TimeControl "180+1"]
[EndTime "11:58:21 PDT"]
[Termination "tlomigtlis won by resignation"]

1. d4 Nf6 2. c4 g6 3. g3 Bg7 4. Bg2 d6 5. Nc3 O-O 6. Nf3 Nc6 7. O-O a6 8. e4 Bg4 9. h3 Bxf3 10. Bxf3 e5 11.
Be3 exd4 12. Bxd4 Nxd4 13. Qxd4 Ng4 14. Qd2 Ne5 15. Be2 Qc8 16. Kg2 f5 17. Nd5 Kh8 18. f4 Nc6 19. Bd3 fxe4 20. Bxe4 Qd7 21. Rae1 Rae8 22.
b3 Nd4 23. Bb1 c6 24. Ne3 Re7 25. Qf2 Rfe8 26. h4 Nxb3 27. h5 Nc5 28. hxg6 Bd4 29. Rh1 Bxe3 30. Qb2+ Rg7 31. Rxh7+ Kg8 32. Reh1 Rxh7 33.
Rxh7 Bd4 34. Qxd4 Re2+ 35. Kf3 Qg4+ 36. Kxg4 1-0

[Event "*** SCC Grand Prix: Titled Tuesday Blitz"]
[Site "Chess.com"]
[Date "2020.07.14"]
[Round "10"]
[White "AlanZhang"]
[Black "GAusal"]
[Result "0-1"]
[WhiteElo "2190"]
[BlackElo "2076"]
[TimeControl "180+1"]
[EndTime "11:58:22 PDT"]
[Termination "GAusal won on time"]

1. e4 e5 2. Nf3 Nc6 3. Bb5 a6 4. Ba4 b5 5. Bb3 f5 6. d4 exd4 7. Nxd4 Nxd4 8. Qxd4 Bb7 9. Qe5+ Qe7 10. Qxe7+ Nxe7 11.
Bf4 c5 12. c3 Ng6 13. Be3 f4 14. Bd2 Bxe4 15. f3 Bd3 16. a4 c4 17. Bd1 Bc5 18. Be2 O-O 19. Bxd3 cxd3 20. Kd1 Nh4 21. b4 Be3 22. g3 Nxf3 23. gxf4 Bxd2 24. Nxd2 Nxd2 25. Kxd2 Rxf4 26. Kxd3 Rc8 27. axb5 axb5 28. Ra7 Rf3+ 29. Ke4 Rfxc3 30. Rxd7 R3c4+ 31. Kd5 Rxb4 32. Rg1 g6 33. Rf1 Rf8 34. Re1 Rf7 35. Re8+ Kg7 36. Rdd8 Rb1 37.
Kc5 b4 38. Rb8 b3 39. Re3 b2 40. Re2 Rc1+ 0-1

[Event "*** SCC Grand Prix: Titled Tuesday Blitz"]
[Site "Chess.com"]
[Date "2020.07.14"]
[Round "10"]
[White "Volodar_Murzin"]
[Black "rasmussvane"]
[Result "0-1"]
[WhiteElo "2720"]
[BlackElo "2895"]
[TimeControl "180+1"]
[EndTime "11:58:24 PDT"]
[Termination "rasmussvane won by resignation"]

1. e4 c6 2. d4 d5 3. f3 e6 4. Nc3 Bb4 5. a3 Bxc3+ 6. bxc3 dxe4 7. Qe2 c5 8. Qe3 cxd4 9. cxd4 Nc6 10. Bb2 exf3 11.
Nxf3 Nf6 12. Bd3 Nd5 13. Qf2 Qa5+ 14. Nd2 Nb6 15. O-O O-O 16. Ne4 Na4 17. Bc1 f5 18. Ng5 Bd7 19. Bd2 Qd5 20. Nf3 b5 21.
Rfe1 Nb2 22. Bf1 Nc4 23. Bf4 a6 24. c3 N6a5 25. Qg3 Rae8 26. Ne5 Bc6 27. Nd3 Bb7 28.
Nc5 e5 29. Be3 f4 0-1

[Event "*** SCC Grand Prix: Titled Tuesday Blitz"]
[Site "Chess.com"]
[Date "2020.07.14"]
[Round "10"]
[White "attack2mateU"]
[Black "K-Nygren"]
[Result "1-0"]
[WhiteElo "2668"]
[BlackElo "2495"]
[TimeControl "180+1"]
[EndTime "11:58:25 PDT"]
[Termination "attack2mateU won by checkmate"]

1. e4 c5 2. Nf3 d6 3. Bb5+ Bd7 4.
Bxd7+ Nxd7 5. c4 e5 6. Nc3 h6 7. d3 Ne7 8. a3 g6 9. b4 Bg7 10. h4 O-O 11. h5 g5 12. Be3 f5 13.
bxc5 f4 14. cxd6 fxe3 15. dxe7 exf2+ 16. Kxf2 Qxe7 17. Nd5 Qc5+ 18. Kg3 g4 19. Kxg4 Nf6+ 20. Kg3 Nxd5 21. cxd5 Kh7 22. Rh4 Rf4 23. Rxf4 exf4+ 24. Kh2 Bxa1 25. Qxa1 Rg8 26. Qf6 Qc2 27. Nh4 Qf2 28.
Qf5+ Kh8 29. Ng6+ Rxg6 30. Qf8+ Kh7 31. hxg6+ Kxg6 32. Qf5+ Kg7 33. Qg4+ Kf8 34. d6 h5 35. Qf5+ Kg7 36. Qg5+ Kf8 37. d7 Kf7 38. d8=Q f3 39. Qgf6# 1-0

[Event "*** SCC Grand Prix: Titled Tuesday Blitz"]
[Site "Chess.com"]
[Date "2020.07.14"]
[Round "10"]
[White "NormWeinstein"]
[Black "elamier"]
[Result "1-0"]
[WhiteElo "2460"]
[BlackElo "2316"]
[TimeControl "180+1"]
[EndTime "11:58:25 PDT"]
[Termination "NormWeinstein won on time"]

1. e4 c5 2. Nf3 e6 3. Nc3 Nc6 4. g3 a6 5. Bg2 b5 6. O-O Bb7 7. d4 cxd4 8. Nxd4 h5 9. h3 h4 10. g4 Qb6 11. Nxc6 Bxc6 12. Re1 Bc5 13. Be3 Ne7 14. Qd2 O-O 15. Kh1 Rfd8 16. f4 d5 17. Bxc5 Qxc5 18. e5 d4 19. Ne4 Bxe4 20. Bxe4 Rac8 21.
Qf2 Ng6 22. Re2 d3 23. cxd3 Qxf2 24. Rxf2 Ne7 25. f5 Nc6 26. Bxc6 Rxc6 27. Rd1 Rc5 28. Re2 Rcd5 29. Re3 Rc8 30. Rd2 Rcc5 31. d4 Rc4 32.
Re4 Kf8 33. Kg2 Ke7 34. Kf3 Rc1 35. Re3 1-0

[Event "*** SCC Grand Prix: Titled Tuesday Blitz"]
[Site "Chess.com"]
[Date "2020.07.14"]
[Round "10"]
[White "quesfr"]
[Black "WelshTiger"]
[Result "1-0"]
[WhiteElo "2225"]
[BlackElo "2345"]
[TimeControl "180+1"]
[EndTime "11:58:25 PDT"]
[Termination "quesfr won on time"]

1. e4 c5 2. Nf3 Nc6 3. Bb5 g6 4. Bxc6 bxc6 5. d4 Bg7 6. dxc5 Qa5+ 7. Nbd2 Qxc5 8. O-O Nf6 9. e5 Nd5 10. c4 Nc7 11.
Ne4 Qxc4 12. Re1 O-O 13. b3 Qd5 14. Ba3 Re8 15. Qc2 Ne6 16. Rad1 Qa5 17. Bb2 Rb8 18. Ba1 Rb5 19. h4 Rd5 20. h5 Rxe5 21. Nxe5 Bxe5 22. b4 Bh2+ 23. Kxh2 Qxh5+ 24. Kg1 Ba6 25. Qc3 f6 26.
Rxd7 Nf4 27. Rxe7 Ne2+ 28. Rxe2 Qxe2 29. Rxe8+ Kf7 30. Nd6+ Kg7 31. Qxf6+ Kh6 32. Rxe2 1-0

[Event "*** SCC Grand Prix: Titled Tuesday Blitz"]
[Site "Chess.com"]
[Date "2020.07.14"]
[Round "10"]
[White "MateSchmate"]
[Black "andrzej"]
[Result "1-0"]
[WhiteElo "2389"]
[BlackElo "2198"]
[TimeControl "180+1"]
[EndTime "11:58:25 PDT"]
[Termination "MateSchmate won on time"]

1. e4 c6 2. Bc4 d5 3. Bb3 e5 4. exd5 cxd5 5. d4 e4 6. c4 Nf6 7. Nc3 Bb4 8. Ne2 O-O 9. O-O Bg4 10. Bg5 Bxc3 11. bxc3 h6 12. Bxf6 Qxf6 13. cxd5 Nd7 14.
Qd2 Rae8 15. Ng3 Qg6 16. Rfe1 f5 17. Qf4 Kh8 18. h3 Bh5 19. Ba4 Re7 20. Bxd7 Rxd7 21.
Qh4 Bf3 22. gxf3 f4 23. fxe4 Rdf7 24. e5 fxg3 25. Qxg3 Qc2 26. Rac1 Qd2 27. Qe3 Qxa2 28. e6 Rxf2 29. Qe4 Qd2 30. e7 Re8 31. d6 1-0

[Event "*** SCC Grand Prix: Titled Tuesday Blitz"]
[Site "Chess.com"]
[Date "2020.07.14"]
[Round "10"]
[White "Biranidun"]
[Black "amintabatabaei"]
[Result "0-1"]
[WhiteElo "2881"]
[BlackElo "3022"]
[TimeControl "180+1"]
[EndTime "11:58:27 PDT"]
[Termination "amintabatabaei won on time"]

1. e4 c5 2. Nf3 Nc6 3. d4 cxd4 4. Nxd4 e5 5. Nb5 d6 6. N1c3 a6 7. Na3 Be6 8. Nc4 Rb8 9. Nd5 Nf6 10. Bg5 Bxd5 11. exd5 Na7 12. a4 Be7 13. Be2 O-O 14.
Be3 Nc8 15. O-O Qc7 16. a5 Nd7 17. b3 f5 18. f3 Bf6 19. Ra2 Ne7 20. Qd2 Ng6 21.
Qb4 Be7 22. Re1 Rbc8 23. Bf1 Bh4 24. g3 Be7 25. Bf2 Rf7 26. Bh3 h5 27. Ne3 Rcf8 28.
Qc4 Qd8 29. Qb4 Qc7 30. Qc4 Qd8 31. Qb4 f4 32. Nd1 fxg3 33. hxg3 Rxf3 34. Qxb7 Nc5 35. Qb6 Qe8 36. b4 Nf4 37. Bf1 Qg6 38. c4 Rxg3+ 39. Bxg3 Qxg3+ 40. Kh1 Qxe1 41. Rf2 Ne4 42. Rf3 Ng5 0-1

[Event "*** SCC Grand Prix: Titled Tuesday Blitz"]
[Site "Chess.com"]
[Date "2020.07.14"]
[Round "10"]
[White "Bulldog167"]
[Black "DariaVoit"]
[Result "1-0"]
[WhiteElo "2753"]
[BlackElo "2513"]
[TimeControl "180+1"]
[EndTime "11:58:27 PDT"]
[Termination "Bulldog167 won by checkmate"]

1. d4 Nf6 2. c4 e6 3. Nf3 b6 4. Bf4 Bb7 5. e3 Bb4+ 6. Nfd2 O-O 7. a3 Be7 8. Nc3 c5 9. d5 exd5 10. cxd5 d6 11. e4 Re8 12. Be2 Bf8 13. O-O Ba6 14.
Bxa6 Nxa6 15. Re1 Nc7 16. a4 a6 17. Nc4 Rb8 18. h3 b5 19. axb5 axb5 20. Na5 Ra8 21. Nc6 Rxa1 22. Qxa1 Qa8 23. b4 Qxa1 24. Rxa1 cxb4 25.
Nxb4 Nxe4 26. Nxe4 Rxe4 27. Bd2 Rd4 28. Bc3 Rc4 29. Be1 Be7 30. Kf1 Bf6 31. Ra7 g6 32.
Ke2 Kg7 33. Kd3 Nxd5 34. Nxd5 Rd4+ 35. Ke2 Rxd5 36. Rb7 g5 37. Bb4 Kg6 38. g4 Be5 39.
Bd2 h6 40. Be3 f5 41. Kf3 f4 42. Ba7 Bc3 43. Ke4 Re5+ 44. Kd3 Be1 45. Bd4 Re6 46. Rg7# 1-0

[Event "*** SCC Grand Prix: Titled Tuesday Blitz"]
[Site "Chess.com"]
[Date "2020.07.14"]
[Round "10"]
[White "Grischuk"]
[Black "Sam_ChessMood"]
[Result "1-0"]
[WhiteElo "3044"]
[BlackElo "2813"]
[TimeControl "180+1"]
[EndTime "11:58:28 PDT"]
[Termination "Grischuk won by resignation"]

1. e4 e5 2. Nf3 d6 3. d4 exd4 4. Nxd4 Nf6 5. Nc3 Be7 6. Bd3 O-O 7. O-O Re8 8. h3 Bf8 9. f4 Bd7 10. Qf3 c5 11. Nde2 Bc6 12. Nd5 Bxd5 13. exd5 Na6 14. c4 Nc7 15. a4 Na6 16. g4 Nb4 17. Bb1 a6 18. a5 Nd7 19. g5 g6 20. h4 b5 21. axb6 Nxb6 22. b3 Bg7 23. Ra3 a5 24. f5 Be5 25. h5 Ra7 26. hxg6 fxg6 27. fxg6 hxg6 28. Bxg6 Rf8 29. Bf5 Re7 30. Qh3 Rg7 31.
Be6+ 1-0

[Event "*** SCC Grand Prix: Titled Tuesday Blitz"]
[Site "Chess.com"]
[Date "2020.07.14"]
[Round "10"]
[White "kidagent"]
[Black "coalescenet"]
[Result "1/2-1/2"]
[WhiteElo "2225"]
[BlackElo "2332"]
[TimeControl "180+1"]
[EndTime "11:58:28 PDT"]
[Termination "Game drawn by repetition"]

1. e4 c6 2. d4 d5 3. Nd2 dxe4 4. Nxe4 Bf5 5. Ng3 Bg6 6. h4 h6 7. Nf3 Nd7 8. h5 Bh7 9. Bd3 Bxd3 10. Qxd3 e6 11. Bd2 Bd6 12. Ne4 Bc7 13. O-O-O Ngf6 14. Kb1 Nxe4 15. Qxe4 Nf6 16. Qe2 Qd5 17. c4 Qf5+ 18.
Ka1 Nxh5 19. Nh4 Nf4 20. Nxf5 Nxe2 21. Nxg7+ Kf8 22. Bxh6 Rxh6 23. Rxh6 Kxg7 24. Rh4 Nf4 25. g3 Ng6 26. Rhh1 Rd8 27. Kb1 Bb6 28. Kc2 Bxd4 29. f3 e5 30. b3 c5 31. Rh2 Ne7 32. Rdh1 Nf5 33. g4 Ne3+ 34. Kd3 Kf6 35. Ke4 Ke7 36. Re2 Ke6 37. Rh6+ f6 38. g5 Rf8 39. Rxe3 Bxe3 40. Kxe3 Kf5 41. gxf6 Rxf6 42. Rh7 Rb6 43. Rc7 Ra6 44.
Rxb7 Rxa2 45. Rb5 Ra3 46. Kd3 a6 47. Rb8 a5 48. Rf8+ Ke6 49. Kc2 a4 50. bxa4 Rxa4 51. Kb3 Rb4+ 52. Kc3 Rb1 53. Rc8 Kd6 54. Rd8+ Kc7 55.
Re8 Kd6 56. Rd8+ Ke7 57. Rc8 Kd6 58. Rd8+ 1/2-1/2

[Event "*** SCC Grand Prix: Titled Tuesday Blitz"]
[Site "Chess.com"]
[Date "2020.07.14"]
[Round "10"]
[White "Angry_Twin"]
[Black "manmanlai1"]
[Result "0-1"]
[WhiteElo "2730"]
[BlackElo "2490"]
[TimeControl "180+1"]
[EndTime "11:58:29 PDT"]
[Termination "manmanlai1 won by resignation"]

1. d4 d5 2. Bf4 c5 3. e3 Nc6 4. Nf3 cxd4 5. exd4 Bf5 6. c3 e6 7. Nbd2 Nf6 8. Bb5 Be7 9. Qa4 Qb6 10. Ne5 Rc8 11. Nb3 O-O 12. Bxc6 bxc6 13. f3 c5 14. g4 Bc2 15. g5 Nh5 16. dxc5 Bxc5 17.
Nd7 Bxb3 18. axb3 Qb7 19. Nxf8 d4 20. Qd7 Qxf3 21. Qxc8 Bxf8 22. Rf1 Qe4+ 23. Kd1 Qd3+ 24. Ke1 Qe4+ 25. Kd2 Nxf4 26. Qc4 Qe3+ 27. Kd1 d3 28. Re1 Qf2 29. Rc1 Qf3+ 30. Kd2 Qf2+ 31. Kd1 d2 32.
Rf1 dxc1=Q+ 33. Kxc1 Ne2+ 34. Kd2 Qxf1 35. g6 hxg6 36.
Qc8 Nf4 37. Qd8 Qe2+ 38. Kc1 Nd3+ 0-1

[Event "*** SCC Grand Prix: Titled Tuesday Blitz"]
[Site "Chess.com"]
[Date "2020.07.14"]
[Round "10"]
[White "Gusarov91"]
[Black "JoakimVonAnd"]
[Result "1-0"]
[WhiteElo "2625"]
[BlackElo "2447"]
[TimeControl "180+1"]
[EndTime "11:58:29 PDT"]
[Termination "Gusarov91 won by resignation"]

1. d4 Nf6 2. Nf3 e6 3. c4 b6 4. g3 Ba6 5. Qa4 Bb7 6. Bg2 c5 7. dxc5 Bxc5 8. O-O O-O 9. Nc3 Nc6 10. a3 a5 11. Bf4 h6 12. Rad1 Qe7 13. Nb5 e5 14.
Bc1 Rad8 15. Nh4 d6 16. Nf5 Qe6 17. e4 Ne7 18. Nxe7+ Qxe7 19. b4 axb4 20. axb4 Bd4 21. Nxd4 exd4 22. f3 Qe5 23. Bf4 Qe6 24. Rxd4 g5 25.
Bc1 Rc8 26. Qb5 Nd7 27. h4 gxh4 28. gxh4 Bc6 29. Qh5 Kh7 30. Bf4 Ne5 31. Kh2 Bd7 32.
Rfd1 Rg8 33. Bxe5 Rxg2+ 34. Kxg2 Qh3+ 35. Kf2 dxe5 36. Rxd7 Qh2+ 37. Ke3 Qf4+ 38. Ke2 Qh2+ 39. Kd3 Qa2 40. Qxf7+ 1-0

[Event "*** SCC Grand Prix: Titled Tuesday Blitz"]
[Site "Chess.com"]
[Date "2020.07.14"]
[Round "10"]
[White "WinstonSilvakov"]
[Black "Tsyhanchuk_Stanislav"]
[Result "1/2-1/2"]
[WhiteElo "2115"]
[BlackElo "2392"]
[TimeControl "180+1"]
[EndTime "11:58:29 PDT"]
[Termination "Game drawn by repetition"]

1. d4 d5 2. e4 dxe4 3. Nc3 Nf6 4. Bg5 Bf5 5. Qe2 Nc6 6. d5 Nd4 7. Qd2 e5 8. Bxf6 Qxf6 9. Nge2 e3 10. fxe3 Nxc2+ 11. Kd1 Nxa1 12. Ng3 O-O-O 13. e4 Bg4+ 14. Kc1 Bc5 15. Kb1 h5 16. Kxa1 h4 17. Nge2 Qh6 18. Qc2 h3 19. Ng3 hxg2 20. Bxg2 Bh3 21. Nf5 Bxf5 22.
exf5 Bb6 23. Na4 Kb8 24. Rc1 Qf4 25. Nxb6 cxb6 26. Qc7+ Ka8 27. d6 Rb8 28. d7 Qd2 29. a3 Rhd8 30. Bc6 bxc6 31. Qxc6+ Rb7 32. Qc8+ Rb8 33. Qc6+ Rb7 34. Qc8+ Rb8 35. Qc6+ 1/2-1/2

[Event "*** SCC Grand Prix: Titled Tuesday Blitz"]
[Site "Chess.com"]
[Date "2020.07.14"]
[Round "10"]
[White "Zkid"]
[Black "Oleksandr_Bortnyk"]
[Result "0-1"]
[WhiteElo "2789"]
[BlackElo "2941"]
[TimeControl "180+1"]
[EndTime "11:58:34 PDT"]
[Termination "Oleksandr_Bortnyk won on time"]

1. e4 Nf6 2. e5 Nd5 3. d4 d6 4. Nf3 dxe5 5. Nxe5 c6 6. Qf3 Be6 7. Bc4 Nd7 8. Nxd7 Qxd7 9. O-O g6 10. Nd2 Bg7 11.
c3 O-O 12. Ne4 b6 13. Re1 Rae8 14. a4 Bg4 15. Qg3 e5 16. Bg5 f5 17. Nd2 h6 18. h3 Bh5 19. Bh4 f4 20. Qd3 g5 21.
dxe5 Rxe5 22. Rxe5 Bxe5 23. Nf3 Bf6 24. Nd4 gxh4 25. Nxc6 Bf7 26. Nxa7 Qxa7 27. Bxd5 Kg7 28. Bxf7 Rxf7 29. Qf3 Bg5 30. Qd5 f3 31. gxf3 Qc7 32.
Re1 Qf4 33. Re6 Bf6 34. Rxb6 Be5 35. Kf1 Qc1+ 36. Ke2 Qc2+ 37. Kf1 Qf5 38. Qe4 Qxh3+ 39. Ke2 Bf6 40. Rb5 Re7 0-1

[Event "*** SCC Grand Prix: Titled Tuesday Blitz"]
[Site "Chess.com"]
[Date "2020.07.14"]
[Round "10"]
[White "FMJoseHerrera"]
[Black "KyrgyzFighter"]
[Result "1-0"]
[WhiteElo "2496"]
[BlackElo "2298"]
[TimeControl "180+1"]
[EndTime "11:58:34 PDT"]
[Termination "FMJoseHerrera won by checkmate"]

1. Nf3 f5 2. g3 Nf6 3. Bg2 g6 4. d3 d6 5. Nc3 Nc6 6. h4 h6 7. e4 e5 8. exf5 gxf5 9. h5 Bg7 10. Nh4 Be6 11. Ng6 Rh7 12. Be3 Qd7 13. f4 Ng4 14. Bg1 d5 15. fxe5 Ncxe5 16. Nf4 O-O-O 17. Qe2 d4 18.
Bxd4 Nxd3+ 19. cxd3 Bxd4 20. O-O-O Ne3 21. Qf3 c6 22.
Rde1 Nxg2 23. Qxg2 Bxc3 24. bxc3 Bg8 25. Re5 Rg7 26.
Rhe1 Qd6 27. Kb2 Qc7 28. d4 Qb6+ 29. Ka1 Qa6 30. Re8 Rxg3 31. Rxd8+ Kxd8 32. Qh2 Rg4 33. Ng6 Qc4 34. Qb8+ Kd7 35. Re7# 1-0

[Event "*** SCC Grand Prix: Titled Tuesday Blitz"]
[Site "Chess.com"]
[Date "2020.07.14"]
[Round "10"]
[White "DishonorOnYourCow"]
[Black "talaicito"]
[Result "1-0"]
[WhiteElo "2330"]
[BlackElo "2177"]
[TimeControl "180+1"]
[EndTime "11:58:34 PDT"]
[Termination "DishonorOnYourCow won on time"]

1. d4 e6 2. c4 f5 3. g3 Nf6 4. Nh3 Be7 5. Bg2 d6 6. Nf4 O-O 7. O-O e5 8. dxe5 dxe5 9. Nd5 Bc5 10. Bg5 Nbd7 11. Nbc3 c6 12. Nxf6+ Nxf6 13. Qc2 h6 14. Bd2 Qe8 15. a3 Qh5 16. b4 Bd6 17. c5 Bc7 18. b5 e4 19. bxc6 bxc6 20. f3 Be5 21. fxe4 Ng4 22. h3 Bxg3 23. exf5 Nh2 24. Ne4 Nxf1 25.
Rxf1 Be5 26. f6 Bxh3 27. Qb3+ Kh7 28. Qxh3 Qxe2 29. Ng5+ Kh8 30. fxg7+ Bxg7 31. Rxf8+ Rxf8 32. Bc3 Qf2+ 33. Kh1 1-0

[Event "*** SCC Grand Prix: Titled Tuesday Blitz"]
[Site "Chess.com"]
[Date "2020.07.14"]
[Round "10"]
[White "MasterKroket"]
[Black "CzechmVIII"]
[Result "1-0"]
[WhiteElo "2383"]
[BlackElo "2192"]
[TimeControl "180+1"]
[EndTime "11:58:34 PDT"]
[Termination "MasterKroket won by resignation"]

1. d4 Nf6 2. c4 c5 3. d5 b5 4.
cxb5 a6 5. bxa6 g6 6. Nc3 Bxa6 7. Nf3 Bg7 8. e4 Qa5 9. Bxa6 Nxe4 10. O-O Nxc3 11.
bxc3 Qxa6 12. Qb3 O-O 13. Bg5 d6 14. Bxe7 Re8 15. Rfe1 Nd7 16. g3 Ne5 17. Nxe5 Bxe5 18. Rxe5 dxe5 19. d6 Ra7 20. Qd5 Rd7 21. Qxc5 Rc8 22.
Qxe5 Qc4 23. Bf6 Qe6 24. Qxe6 fxe6 25. Be5 Ra8 26. c4 Ra5 27. f4 Rc5 28. Rc1 Kf7 29.
Kf2 Ke8 30. Ke3 Ra7 31. Kd4 Rca5 32. c5 Rxa2 33. c6 Rd2+ 34. Ke3 Raa2 35. c7 Re2+ 36. Kf3 Rf2+ 37. Kg4 Ra8 38. c8=Q+ Rxc8 39. Rxc8+ Kd7 40. Rc7+ Kd8 41. Rxh7 Rd2 42. Kg5 1-0

[Event "*** SCC Grand Prix: Titled Tuesday Blitz"]
[Site "Chess.com"]
[Date "2020.07.14"]
[Round "10"]
[White "FatUpss"]
[Black "bugsbunny444"]
[Result "1-0"]
[WhiteElo "2739"]
[BlackElo "2473"]
[TimeControl "180+1"]
[EndTime "11:58:35 PDT"]
[Termination "FatUpss won by checkmate"]

1. e4 c5 2. Nc3 e6 3. Nge2 d5 4.
exd5 exd5 5. d4 Nf6 6. h3 Nc6 7. Be3 cxd4 8. Nxd4 Be7 9. Bd3 O-O 10. O-O Re8 11.
Re1 h6 12. Bf1 Bd7 13. Qf3 Bb4 14. Rad1 Ne5 15. Qf4 Rc8 16. Ne6 Qa5 17. Nxg7 Kxg7 18. Qxh6+ Kg8 19. Qxf6 Rc6 20. Qh4 Bxc3 21. bxc3 Rg6 22.
Kh1 Bb5 23. Bd4 Bxf1 24. Bxe5 Bxg2+ 25. Kh2 f6 26. Bxf6 Rxe1 27. Rxe1 Be4 28. Bg5 Qc7+ 29. f4 Qh7 30. Qg4 Qf7 31. Qc8+ Kh7 32. Qg4 Bf5 33.
Qh4+ Kg8 34. Re7 Qf8 35. Qh7# 1-0